SNL (28 & UNDER)
WICHITA WRANGLERS @ GAINESVILLE GUIDOS
08/25/2023
 
TOP OF THE 1ST
Wichita Wranglers batting - Pitching for Gainesville Guidos : RHP Dave Riley
Pitching: RHP Dave Riley
Batting: SHB Martín Medina 0-0: Bunted foul
0-1: Foul Ball, location: 2F
0-2: SINGLE (Groundball, 3L) (infield hit)
Batting: RHB António Gonzáles 0-0: SINGLE (Groundball, 56D)
Martín Medina to second
Batting: RHB Cho-yun Qiao 0-0: Swinging Strike
0-1: Ball
Martín Medina steals 3rd base
António Gonzáles to second
1-1: Fly out, F4 (Popup, 4D)
Batting: RHB Andrés Lara 0-0: SINGLE (Line Drive, 56D)
Martín Medina scores
António Gonzáles to third
Runner from 3rd tries for Home, SAFE, throw made home
Andrés Lara to second
Batting: LHB Mario Cornelo 0-0: Ball
1-0: Called Strike
1-1: Ball
2-1: Ball
3-1: Ground out U3 (Groundball, 3)
Andrés Lara to third
Batting: RHB Felipe Rivas 0-0: Ball
1-0: Ball
2-0: Swinging Strike
2-1: Ball
3-1: SINGLE (Line Drive, 56)
Andrés Lara scores
Batting: RHB Don Thomas Pickoff Throw to First - Out!
Top of the 1st over - 3 run(s), 4 hit(s), 0 error(s), 0 left on base; Wichita 3 - Gainesville 0
BOTTOM OF THE 1ST
Gainesville Guidos batting - Pitching for Wichita Wranglers : RHP Alfonso Ortíz
Pitching: RHP Alfonso Ortíz
Batting: SHB Reynaldo Gallegos 0-0: Called Strike
0-1: Foul Ball, location: 2F
0-2: Strikes out looking
Batting: RHB Pedro Mata 0-0: Ball
1-0: Called Strike
1-1: Called Strike
1-2: Ball
2-2: Fly out, F6 (Popup, 6)
Batting: LHB David Murphy 0-0: Ball
1-0: Foul Ball, location: 2F
1-1: SINGLE (Line Drive, 6)
Batting: RHB José Fernández 0-0: Called Strike
0-1: Swinging Strike
0-2: Ball
Wild Pitch!
David Murphy to second
1-2: Strikes out looking
Bottom of the 1st over - 0 run(s), 1 hit(s), 0 error(s), 1 left on base; Wichita 3 - Gainesville 0
TOP OF THE 2ND
Wichita Wranglers batting - Pitching for Gainesville Guidos : RHP Dave Riley
Batting: RHB Don Thomas 0-0: SINGLE (Groundball, 13) (infield hit)
Batting: RHB Luis Sánchez 0-0: Called Strike
0-1: Foul Ball, location: 2F
0-2: Ball
1-2: Foul Ball, location: 2F
1-2: Strikes out swinging
Batting: RHB Dave Henderson 0-0: Ball
1-0: DOUBLE (Line Drive, 7LS)
Don Thomas to third
Batting: SHB Martín Medina 0-0: Foul Ball, location: 2F
0-1: Called Strike
0-2: Strikes out swinging
Batting: RHB António Gonzáles 0-0: Ground out 5-3 (Groundball, 5L)
Top of the 2nd over - 0 run(s), 2 hit(s), 0 error(s), 2 left on base; Wichita 3 - Gainesville 0
BOTTOM OF THE 2ND
Gainesville Guidos batting - Pitching for Wichita Wranglers : RHP Alfonso Ortíz
Batting: RHB Jason Saunders 0-0: Called Strike
0-1: Called Strike
0-2: Ball
1-2: Foul Ball, location: 2F
1-2: Foul Ball, location: 2F
1-2: Ball
2-2: Strikes out swinging
Batting: LHB Mark Owens 0-0: Ball
1-0: Ball
2-0: Ball
3-0: Base on Balls
Batting: RHB Jason Erickson 0-0: Grounds into double play, 4-6-3 (Groundball, 4)
Bottom of the 2nd over - 0 run(s), 0 hit(s), 0 error(s), 0 left on base; Wichita 3 - Gainesville 0
TOP OF THE 3RD
Wichita Wranglers batting - Pitching for Gainesville Guidos : RHP Dave Riley
Batting: RHB Cho-yun Qiao 0-0: Called Strike
0-1: Ball
1-1: Ground out 5-3 (Groundball, 5)
Batting: RHB Andrés Lara 0-0: Foul Ball, location: 2F
0-1: Ball
1-1: Ball
2-1: Ball
3-1: Base on Balls
Batting: LHB Mario Cornelo 0-0: Ball
Andrés Lara is caught stealing 2nd base
1-0: Ball
2-0: Ball
3-0: Called Strike
3-1: Base on Balls
Batting: RHB Felipe Rivas 0-0: Called Strike
0-1: Swinging Strike
0-2: Ball
1-2: Ball
2-2: Ball
3-2: Base on Balls
Mario Cornelo to second
Batting: RHB Don Thomas 0-0: Ball
1-0: Ball
2-0: SINGLE (Flyball, 89S)
Mario Cornelo to third
Felipe Rivas to second
Runner from 3rd tries for Home, SAFE, no throw or cutoff
Batting: RHB Luis Sánchez 0-0: Fly out, F7 (Flyball, 7M)
Top of the 3rd over - 1 run(s), 1 hit(s), 0 error(s), 2 left on base; Wichita 4 - Gainesville 0
BOTTOM OF THE 3RD
Gainesville Guidos batting - Pitching for Wichita Wranglers : RHP Alfonso Ortíz
Batting: RHB Noriyori Ine 0-0: Swinging Strike
0-1: Ball
1-1: Called Strike
1-2: Ball
2-2: Ball
3-2: Foul Ball, location: 2F
3-2: Foul Ball, location: 2F
3-2: Foul Ball, location: 2F
3-2: Base on Balls
Batting: RHB Iván Moreno 0-0: Ball
1-0: Ball
2-0: Ball
Balk!
Noriyori Ine to second
3-0: Base on Balls
Batting: SHB Reynaldo Gallegos 0-0: Ball
1-0: Foul Ball, location: 2F
1-1: Ball
2-1: Called Strike
2-2: Strikes out swinging
Batting: RHB Pedro Mata 0-0: Ball
Noriyori Ine steals 3rd base
Iván Moreno to second
1-0: Ball
2-0: Foul Ball, location: 2F
2-1: Foul Ball, location: 2F
2-2: SINGLE (Line Drive, 8RS)
Noriyori Ine scores
Iván Moreno to third
Runner from 3rd tries for Home, SAFE, no throw or cutoff
Batting: LHB David Murphy 0-0: Ball
1-0: Swinging Strike
1-1: Foul Ball, location: 2F
1-2: Ball
2-2: Fly out, F9 (Flyball, 89M)
Batting: RHB José Fernández 0-0: Called Strike
Pedro Mata steals 2nd base
0-1: Ball
1-1: Ball
Passed Ball!
Pedro Mata to third
2-1: Fly out, F2 (Popup, 2RF)
Bottom of the 3rd over - 2 run(s), 1 hit(s), 0 error(s), 1 left on base; Wichita 4 - Gainesville 2
TOP OF THE 4TH
Wichita Wranglers batting - Pitching for Gainesville Guidos : RHP Dave Riley
Batting: RHB Dave Henderson 0-0: SINGLE (Groundball, 56S)
Batting: SHB Martín Medina 0-0: Called Strike
0-1: Called Strike
0-2: Ball
1-2: Ball
2-2: Foul Ball, location: 2F
2-2: Grounds into double play, 6-4-3 (Groundball, 56)
Batting: RHB António Gonzáles 0-0: Ball
1-0: SINGLE (Groundball, 5S)
Batting: RHB Cho-yun Qiao 0-0: Ball
1-0: Ball
2-0: Foul Ball, location: 2F
2-1: Foul Ball, location: 2F
2-2: Strikes out looking
Top of the 4th over - 0 run(s), 2 hit(s), 0 error(s), 1 left on base; Wichita 4 - Gainesville 2
BOTTOM OF THE 4TH
Gainesville Guidos batting - Pitching for Wichita Wranglers : RHP Alfonso Ortíz
Batting: RHB Jason Saunders 0-0: Called Strike
0-1: Ball
1-1: Ball
2-1: Ball
3-1: Foul Ball, location: 2F
3-2: Foul Ball, location: 2F
3-2: Base on Balls
Batting: LHB Mark Owens 0-0: Ball
1-0: Foul Ball, location: 2F
1-1: SINGLE (Flyball, 8LS)
Jason Saunders to second
Runner from 2nd tries for 3rd, SAFE, no throw or cutoff
Batting: RHB Jason Erickson 0-0: Called Strike
0-1: Ball
1-1: Ball
2-1: DOUBLE (Line Drive, 89M)
Jason Saunders scores
Mark Owens to third
Batting: RHB Noriyori Ine 0-0: Swinging Strike
0-1: Ball
1-1: Hit by Pitch
Batting: RHB Iván Moreno 0-0: Ball
1-0: Ball
2-0: Ball
3-0: Called Strike
3-1: Fly out, F8 (Line Drive, 8LM)
Runner from 3rd tags up, SCORES, throw made
Batting: SHB Reynaldo Gallegos 0-0: Ball
1-0: Foul Ball, location: 2F
1-1: Ball
2-1: Foul Ball, location: 2F
2-2: 3-RUN HOME RUN (Line Drive, 9LD), Distance : 340 ft
Pitching: RHP Tom Long
Batting: RHB Pedro Mata 0-0: Ball
1-0: Called Strike
1-1: Swinging Strike
1-2: Strikes out swinging
Batting: LHB David Murphy 0-0: SINGLE (Groundball, 34D)
Batting: RHB José Fernández Pickoff Throw to First - Out!
Bottom of the 4th over - 5 run(s), 4 hit(s), 0 error(s), 0 left on base; Wichita 4 - Gainesville 7
TOP OF THE 5TH
Wichita Wranglers batting - Pitching for Gainesville Guidos : RHP Dave Riley
Batting: RHB Andrés Lara 0-0: Ball
1-0: Ball
2-0: Fly out, F8 (Popup, 8LS)
Batting: LHB Mario Cornelo 0-0: Ball
1-0: Foul Ball, location: 2F
1-1: Swinging Strike
1-2: Ground out 3-1 (Groundball, 34)
Batting: RHB Felipe Rivas 0-0: Ground out 6-3 (Groundball, 6M)
Top of the 5th over - 0 run(s), 0 hit(s), 0 error(s), 0 left on base; Wichita 4 - Gainesville 7
BOTTOM OF THE 5TH
Gainesville Guidos batting - Pitching for Wichita Wranglers : RHP Tom Long
Batting: RHB José Fernández 0-0: Ball
1-0: Ball
2-0: Called Strike
2-1: Fly out, F8 (Flyball, 8LD)
Batting: RHB Jason Saunders 0-0: Called Strike
0-1: Ball
1-1: Ball
2-1: Ground out 6-3 (Groundball, 6)
Batting: LHB Mark Owens 0-0: Called Strike
0-1: Swinging Strike
0-2: Ball
1-2: Ball
2-2: SINGLE (Flyball, 6MD)
Batting: RHB Jason Erickson 0-0: Ball
1-0: Ball
2-0: Foul Ball, location: 2F
2-1: Swinging Strike
2-2: Strikes out swinging
Bottom of the 5th over - 0 run(s), 1 hit(s), 0 error(s), 1 left on base; Wichita 4 - Gainesville 7
TOP OF THE 6TH
Wichita Wranglers batting - Pitching for Gainesville Guidos : RHP Dave Riley
Batting: RHB Don Thomas 0-0: Foul Ball, location: 2F
0-1: Swinging Strike
0-2: Ball
1-2: Ball
2-2: Foul Ball, location: 2F
2-2: Ball
3-2: Strikes out swinging
Batting: RHB Luis Sánchez 0-0: Ball
1-0: Ball
2-0: Swinging Strike
2-1: Ball
3-1: Called Strike
3-2: Ground out 4-3 (Groundball, 4)
Batting: RHB Dave Henderson 0-0: Called Strike
0-1: Called Strike
0-2: Strikes out swinging
Top of the 6th over - 0 run(s), 0 hit(s), 0 error(s), 0 left on base; Wichita 4 - Gainesville 7
BOTTOM OF THE 6TH
Gainesville Guidos batting - Pitching for Wichita Wranglers : RHP Tom Long
Batting: RHB Noriyori Ine 0-0: Ball
1-0: Called Strike
1-1: Swinging Strike
1-2: Foul Ball, location: 2F
1-2: Strikes out swinging
Batting: RHB Iván Moreno 0-0: Ball
1-0: Foul Ball, location: 2F
1-1: Called Strike
1-2: Ball
2-2: SINGLE (Groundball, 4MD)
Batting: SHB Reynaldo Gallegos 0-0: Called Strike
0-1: Ball
1-1: Fly out, F4 (Line Drive, 4)
Batting: RHB Pedro Mata 0-0: Ball
1-0: Swinging Strike
1-1: Swinging Strike
1-2: Strikes out looking
Bottom of the 6th over - 0 run(s), 1 hit(s), 0 error(s), 1 left on base; Wichita 4 - Gainesville 7
TOP OF THE 7TH
Wichita Wranglers batting - Pitching for Gainesville Guidos : RHP Dave Riley
Pitching: RHP Juan Patino
Batting: SHB Martín Medina 0-0: Called Strike
0-1: Foul Ball, location: 2F
0-2: Ball
1-2: Strikes out swinging
Batting: RHB António Gonzáles 0-0: SOLO HOME RUN (Flyball, 7D), Distance : 358 ft
Batting: RHB Cho-yun Qiao 0-0: Ball
1-0: Foul Ball, location: 2F
1-1: Ball
2-1: Foul Ball, location: 2F
2-2: Foul Ball, location: 2F
2-2: Strikes out looking
Batting: RHB Andrés Lara 0-0: Ball
1-0: Foul Ball, location: 2F
1-1: Ground out 4-3 (Groundball, 4)
Top of the 7th over - 1 run(s), 1 hit(s), 0 error(s), 0 left on base; Wichita 5 - Gainesville 7
BOTTOM OF THE 7TH
Gainesville Guidos batting - Pitching for Wichita Wranglers : RHP Tom Long
Pitching: RHP Doug Adams
Batting: LHB David Murphy 0-0: Ball
1-0: Called Strike
1-1: Ground out 4-3 (Groundball, 34)
Batting: RHB José Fernández 0-0: Ball
1-0: Foul Ball, location: 2F
1-1: Foul Ball, location: 2F
1-2: Ball
2-2: Ball
3-2: Strikes out swinging
Batting: RHB Jason Saunders 0-0: Foul Ball, location: 2F
0-1: Called Strike
0-2: Strikes out swinging
Bottom of the 7th over - 0 run(s), 0 hit(s), 0 error(s), 0 left on base; Wichita 5 - Gainesville 7
TOP OF THE 8TH
Wichita Wranglers batting - Pitching for Gainesville Guidos : RHP Juan Patino
Now at 1B: Marcos Villarreal
Batting: LHB Mario Cornelo 0-0: SOLO HOME RUN (Flyball, 9D), Distance : 364 ft
Pitching: RHP Lance Sanders
Batting: RHB Felipe Rivas 0-0: Foul Ball, location: 2F
0-1: Called Strike
0-2: Ball
1-2: Strikes out swinging
Batting: RHB Don Thomas 0-0: Ball
1-0: SOLO HOME RUN (Flyball, 7D), Distance : 357 ft
Pinch Hitting: RHB Anthony Rucker 0-0: SINGLE (Line Drive, 8RS)
Pinch Hitting: RHB Javier Coronado 0-0: Ball
1-0: Reached on error, E1 (Groundball, 13)
Anthony Rucker to second
Batting: SHB Martín Medina 0-0: Ball
1-0: Called Strike
1-1: Ground out 5-3 (Groundball, 56S)
Anthony Rucker to third
Javier Coronado to second
Batting: RHB António Gonzáles 0-0: Called Strike
0-1: SINGLE (Flyball, 78S)
Anthony Rucker scores
Javier Coronado to third
Batting: RHB Cho-yun Qiao 0-0: Ball
1-0: Swinging Strike
1-1: DOUBLE (Flyball, 8RXD)
Javier Coronado scores
António Gonzáles to third
Runner from 3rd tries for Home, SAFE, no throw or cutoff
Pitching: RHP Pat Wright
Batting: RHB Andrés Lara 0-0: Called Strike
0-1: Called Strike
0-2: Strikes out swinging
Top of the 8th over - 5 run(s), 5 hit(s), 1 error(s), 1 left on base; Wichita 10 - Gainesville 7
BOTTOM OF THE 8TH
Gainesville Guidos batting - Pitching for Wichita Wranglers : RHP Doug Adams
Now at 2B: Anthony Rucker
Now at SS: Fernando Díaz
Batting: LHB Mark Owens 0-0: Ball
1-0: Foul Ball, location: 2F
1-1: Ball
2-1: Ball
3-1: Base on Balls
Batting: RHB Jason Erickson 0-0: Called Strike
0-1: Ball
1-1: Grounds into double play, 5-4-3 (Groundball, 56)
Batting: RHB Noriyori Ine 0-0: Ball
1-0: Ball
2-0: Called Strike
2-1: Foul Ball, location: 2F
2-2: Foul Ball, location: 2F
2-2: Ball
3-2: Foul Ball, location: 2F
3-2: Foul Ball, location: 2F
3-2: SOLO HOME RUN (Flyball, 78XD), Distance : 403 ft
Batting: RHB Iván Moreno 0-0: Ball
1-0: Swinging Strike
1-1: Ball
2-1: Foul Ball, location: 2F
2-2: Ball
3-2: Strikes out swinging
Bottom of the 8th over - 1 run(s), 1 hit(s), 0 error(s), 0 left on base; Wichita 10 - Gainesville 8
TOP OF THE 9TH
Wichita Wranglers batting - Pitching for Gainesville Guidos : RHP Pat Wright
Batting: LHB Mario Cornelo 0-0: Called Strike
0-1: Ball
1-1: Swinging Strike
1-2: Ball
2-2: Strikes out swinging
Batting: RHB Felipe Rivas 0-0: Called Strike
0-1: Fly out, F7 (Flyball, 7D)
Batting: RHB Don Thomas 0-0: Fly out, F7 (Flyball, 7M)
Top of the 9th over - 0 run(s), 0 hit(s), 0 error(s), 0 left on base; Wichita 10 - Gainesville 8
BOTTOM OF THE 9TH
Gainesville Guidos batting - Pitching for Wichita Wranglers : RHP Doug Adams
Pitching: RHP Craig Adams
Batting: SHB Reynaldo Gallegos 0-0: Called Strike
0-1: Ball
1-1: Called Strike
1-2: Foul Ball, location: 2F
1-2: Strikes out swinging
Batting: RHB Pedro Mata 0-0: SINGLE (Line Drive, 78S)
Batting: LHB David Murphy 0-0: Foul Ball, location: 2F
0-1: Foul Ball, location: 2F
0-2: Ball
Passed Ball!
Pedro Mata to second
1-2: Fly out, F4 (Line Drive, 4)
1-2: Fly out, F4 (Line Drive, 4)
Batting: LHB Marcos Villarreal 0-0: Foul Ball, location: 2F
0-1: Ball
1-1: Ball
2-1: Foul Ball, location: 2F
2-2: Ball
3-2: Base on Balls
Pinch Hitting: SHB Mark Wells 0-0: Ball
1-0: Ball
2-0: Foul Ball, location: 2F
2-1: Ball
3-1: Fielders Choice at 2nd, U6 (Groundball, 6M)
Bottom of the 9th over - 0 run(s), 1 hit(s), 0 error(s), 2 left on base; Wichita 10 - Gainesville 8
This league is powered by Out of the Park Baseball, the baseball management simulation game for PC, Mac and Linux
Wednesday, December 2nd, 2015 - OOTP Baseball 16.8 Build 38